 Dungeon Crawl Stone Soup version 0.31-a0-435-g2c6fae2916 (webtiles) character file.

Game seed: 1437643494840074100

524 arthad the Shield-Bearer (level 7, 0/44 HPs)
             Began as a Gargoyle Fighter on Aug 1, 2023.
             Slain by Amaemon
             ... wielding a -1 demon whip of venom
              (7 damage)
             ... on level 8 of the Dungeon.
             The game lasted 00:08:24 (3586 turns).

arthad the Shield-Bearer (Gargoyle Fighter)         Turns: 3586, Time: 00:08:25

Health: 0/44       AC: 16    Str: 22    XL:     7   Next: 22%
Magic:  7/7        EV:  9    Int: 14    God:
Gold:   130        SH:  4    Dex:  9    Spells: 6/6 levels left

rFire   x . .        a - +0 flail
rCold   + + .        c - +0 buckler
rNeg    + . .        y - +4 scale mail "Nunefi" {rC+ Int+6}
rPois   ∞            z - +0 hat
rElec   +            (no cloak)
rCorr   .            (no gloves)
SInv    .            (no boots)
Will    .....        (no amulet) Stlth
                     h - ring of protection from cold
HPRegen 0.27/turn    j - +4 ring of slaying
MPRegen 0.10/turn

%: no passive effects
@: brilliant, about to teleport
A: sickness immunity, AC +4, negative energy resistance 1, electricity
resistance, torment resistance 1, petrification resistance, deterioration 1,
evolution 1, heat vulnerability 1
a: no special abilities


You were on level 8 of the Dungeon.
You visited 1 branch of the dungeon, and saw 6 of its levels.

You collected 408 gold pieces.
You spent 278 gold pieces at shops.

Inventory:

Hand Weapons
 a - a +0 flail (weapon)
 p - a +2 short sword of venom
Missiles
 d - 6 poisoned darts
 f - 4 curare-tipped darts
Armour
 b - a +0 scale mail
 c - a +0 buckler (worn)
 y - the +4 scale mail "Nunefi" (worn) {rC+ Int+6}
   (You bought it in a shop on level 4 of the Dungeon)

   Int:       It affects your intelligence (+6).
   rC:        It protects you from cold.
 z - a +0 hat (worn)
Jewellery
 h - a ring of protection from cold (left hand)
 j - a +4 ring of slaying (right hand)
 A - a ring of positive energy
Wands
 n - a wand of paralysis (9)
 C - a wand of flame (14)
Scrolls
 e - 3 scrolls of identify
 g - a scroll of teleportation
 i - a scroll of vulnerability {unknown}
 k - a scroll of noise {unknown}
 s - 2 scrolls of amnesia {unknown}
 t - a scroll of poison {unknown}
 x - a scroll of brand weapon {unknown}
 D - a scroll of revelation {unknown}
Potions
 m - 2 potions of enlightenment
 o - a potion of mutation
 q - 2 potions of degeneration {unknown}
 r - 2 potions of attraction {unknown}
 u - a potion of curing
 v - a potion of berserk rage {unknown}
 w - a potion of heal wounds
 B - a potion of haste {unknown}


   Skills:
 * Level 5.2 Fighting
 * Level 4.1 Maces & Flails
 * Level 5.2 Armour
 * Level 5.2 Shields


You had 6 spell levels left.
You didn't know any spells.
Your spell library contained the following spells:

 Spells                   Type           Power      Damage    Failure   Level
 Foxfire                  Conj/Fire      0%         2x1d4     65%         1
 Ignite Poison            Fire/Tmut/Pois 0%         N/A       95%         3
 Freezing Cloud           Conj/Ice/Air   0%         6-21      100%        5
 Plasma Beam              Fire/Air       0%         2x1d10    100%        6
 Starburst                Conj/Fire      0%         6d3       100%        6
 Cigotuvi's Dreadful Rot  Necr/Pois/Air  Unusable   N/A       N/A         2

Dungeon Overview and Level Annotations

Branches:
Dungeon (8/15)               Lair (0/5) D:8
 Temple: D:4-7

Altars:
Dithmenos
Elyvilon

Shops:
D:4 *[!

Annotations:
D:8 Amaemon


Innate Abilities, Weirdness & Mutations

You are immune to sickness and miasma.
Your stone body is resilient. (AC +4)
You are immune to poison.
You resist negative energy. (rN+)
You are resistant to electric shocks. (rElec)
You are resistant to unholy torment.
You are immune to petrification.
Your body sometimes deteriorates upon taking damage.
You have hidden genetic potential.
You are vulnerable to heat. (rF-)


Message History

Amaemon is heavily wounded.
The centaur shoots an arrow.
The arrow hits you.
Amaemon hits you with a -1 demon whip of venom.
Amaemon claws you. Amaemon barely misses you.
The centaur shoots an arrow.
The arrow barely misses you.
You closely miss Amaemon.
Amaemon is heavily wounded.
Amaemon barely misses you. x2
Amaemon tail-slaps you but does no damage.
The centaur shoots an arrow.
The arrow hits you.
Amaemon hits you with a -1 demon whip of venom.
Amaemon barely misses you.
Amaemon tail-slaps you but does no damage.
It was a potion of brilliance.
You feel clever all of a sudden.
The centaur shoots an arrow.
The arrow hits you!
* * * LOW HITPOINT WARNING * * *
The centaur shoots an arrow.
The arrow barely misses you. Amaemon hits you but does no damage.
Amaemon claws you but does no damage. Amaemon barely misses you.
It was a potion of mutation.
You feel extremely strange.
You feel yourself wasting away.
You feel vulnerable to heat.
You feel a hidden potential growing inside you.
The centaur shoots an arrow.
The arrow hits you but does no damage. Amaemon closely misses you.
You block Amaemon's attack. Amaemon closely misses you.
You hear a screech!
Unknown command.
As you read the scroll labelled IGULA ZISKUMI, it crumbles to dust.
You feel strangely unstable.
It was a scroll of teleportation.
The centaur shoots an arrow.
The arrow closely misses you.
The centaur shoots an arrow.
The arrow barely misses you.
Amaemon hits you with a -1 demon whip of venom.
* * * LOW HITPOINT WARNING * * *
Amaemon claws you but does no damage. Amaemon barely misses you.
Okay, then.
You barely miss Amaemon.
Amaemon is heavily wounded.
Amaemon hits you with a -1 demon whip of venom!
You die...

.......
###.....D. .
....c..... ..
....... ...
.c.... ...#...###
.'.....# #.###
#.D@# + ###6# ..
# ..#.# ...
#.##.##.#.###....
#.......#........
#.###.#.....###
#..........>...
#.....####..>####
####.. .......


You could see Amaemon and a steam dragon.

Vanquished Creatures
  A phantom (D:4)
  A hound (D:5)
  A jelly (D:3)
  Ijyb (D:3)
  An iguana (D:5)
  A sleepcap (D:4)
  An orc wizard (D:5)
  11 gnolls
  8 adders
  A shadow imp (D:5)
  A worm (D:2)
  3 dart slugs
  12 orcs
  5 ball pythons
  8 endoplasms
  2 giant cockroaches
  4 goblins
  7 hobgoblins
  8 jackals
  2 quokkas (D:2)
  5 bats (D:1)
  5 frilled lizards
  10 kobolds
  4 rats
103 creatures vanquished.

Notes
Turn   | Place    | Note
-------+----------+-------------------------------------------
     0 | D:1      | arthad the Gargoyle Fighter began the quest for the Orb.
     0 | D:1      | Reached XP level 1. HP: 14/14 MP: 1/1
   149 | D:1      | Reached XP level 2. HP: 19/19 MP: 2/2
   557 | D:1      | Reached XP level 3. HP: 19/23 MP: 3/3
  1046 | D:2      | Reached XP level 4. HP: 19/29 MP: 4/4
  1591 | D:3      | Reached XP level 5. HP: 29/33 MP: 5/5
  1752 | D:3      | Noticed Ijyb
  1757 | D:3      | Killed Ijyb
  2039 | D:3      | Found a white marble altar of Elyvilon.
  2337 | D:4      | Noticed a phantom
  2342 | D:4      | Killed a phantom
  2343 | D:4      | Reached XP level 6. HP: 39/39 MP: 6/6
  2366 | D:4      | Found Wausoid's Distillery.
  2369 | D:4      | Bought a potion of curing for 33 gold pieces
  2444 | D:4      | Found Pecs's General Store.
  2459 | D:4      | Bought a potion of heal wounds for 65 gold pieces
  2539 | D:4      | Found Imivaon's Antique Armour Boutique.
  2546 | D:4      | Bought a slimy scale mail for 180 gold pieces
  2546 | D:4      | Identified the +4 scale mail "Nunefi" {rC+ Int+6} (You
                  | bought it in a shop on level 4 of the Dungeon)
  3044 | D:5      | Entered Level 5 of the Dungeon
  3178 | D:5      | Found a shadowy altar of Dithmenos.
  3360 | D:5      | Reached skill level 5 in Armour
  3363 | D:5      | Reached skill level 5 in Fighting
  3363 | D:5      | Reached skill level 5 in Shields
  3424 | D:5      | Reached XP level 7. HP: 42/44 MP: 7/7
  3561 | D:5      | You fall into a shaft and drop 3 floors!
  3561 | D:8      | Found a staircase to the Lair.
  3565 | D:8      | Noticed Amaemon
  3565 | D:8      | Noticed an orange demon
  3574 | D:8      | Noticed a steam dragon
  3584 | D:8      | Gained mutation: Your body sometimes deteriorates upon
                  | taking damage. [potion of mutation]
  3584 | D:8      | Gained mutation: You are vulnerable to heat. (rF-) [potion
                  | of mutation]
  3584 | D:8      | Gained mutation: You have hidden genetic potential. [potion
                  | of mutation]
  3586 | D:8      | Slain by Amaemon

Illustrated notes

Levels and vault maps discovered:
D:1:      spicycebolla_arrival_xxxplode, layout_loops_ring
D:2:      layout_basic, nrook_mini_backslash, kennysheep_small_spiral,
          hangedman_glass_garden, minmay_misc_feat_tower, nicolae_grassy_gnolls
D:3:      layout_loops_ring, general_overflow_altar, uniq_ijyb
D:4:      layout_loops_ring, nicolae_overflow_hidden_temple, serial_shops, shop,
          shop_coins, shop, minmay_misc_feat_tiny, hellmonk_no_cap
D:5:      layout_cave_pods, mainiacjoe_overflow_cross_hatched,
          mainiacjoe_overflow_alcove_2, sigmund_army
D:8:      layout_basic, nicolae_ru_great_annihilating_truth,
          mainiacjoe_overflow_brackets, lair_entry_dummy,
          minmay_tree_intersection, nicolae_underground_beach, uniq_amaemon

Skill      XL: |  1  2  3  4  5  6  7 |
---------------+----------------------+-----
Fighting       | 4 5 |  5.2
Armour         | 4 5 |  5.2
Shields        | 4 5 |  5.2
Maces & Flails | 3 4 |  4.1

Action                     |  1- 3 |  4- 6 |  7- 9 || total
---------------------------+-------+-------+-------++-------
  Melee: Flail             |   120 |   156 |    25 ||   301
    Use: Potion            |       |     2 |     2 ||     4
         Scroll            |       |       |     2 ||     2
 Armour: Scale mail        |    78 |    79 |    20 ||   177
  Dodge: Dodged            |    60 |    60 |    26 ||   146
  Block: Buckler           |    28 |    37 |     8 ||    73

Table legend: (Time is in decaauts)
 A = Elapsed time spent in this place.
 B = Non-inter-level travel time spent in this place.
 C = Inter-level travel time spent in this place.
 D = Time resting spent in this place.
 E = Time spent auto-exploring this place.
 F = Levels seen in this place.
 G = Mean time per level.
                   A        B        C        D        E       F      G
               +--------+--------+--------+--------+--------+-----+--------+
         Total |   3670 |   3566 |    104 |      4 |   2813 |   6 |  611.7 |
       Dungeon |   3670 |   3566 |    104 |      4 |   2813 |   6 |  611.7 |
               +--------+--------+--------+--------+--------+-----+--------+

Top non-repeatable levels by time:
     D:2: 897 daAuts
     D:3: 770 daAuts
     D:1: 726 daAuts
     D:4: 722 daAuts
     D:5: 528 daAuts
     D:8: 25 daAuts
